AoeStats
← baumlangmithaaren

Arena

504334392Analyzed
3v3 RM · 28d ago on Sep 4, 2026· 81m 17s· 6 players
Game mode
Random Map
Map size
Normal (6 player)
Population
200
Speed
Normal
Resources
Standard
Victory
Conquest
Starting age
Dark Age
Ending age
Imperial Age
RankedLock teamsTeams togetherTeam positionsShared explorationLock speedFull tech treeHidden civsTurbo modeCheats
Victory
Defeat
🇵🇹 Teutons · Portugal
1191
+11
🇹🇷 Bohemians · Türkiye
1160
+12
🇫🇷 Spanish · France
1140
+14
🇩🇪 Spanish · Germany
1256
-18
🇩🇪 Hindustanis · Germany
1167
-15
🇩🇪 Franks · Germany
800
-4
Vinzzzdj
11:11 Feudal Age
14:51 Castle Age
13:21 Double-Bit Axe
13:31 Horse Collar
15:58 Bow Saw
17:15 Heavy Plow
19:18 Loom
20:53 Wheelbarrow
22:11 Gold Mining
23:38 Stone Mining
24:25 Hand Cart
23:57 Town Watch
25:01 Stone Shaft Mining
28:30 Imperial Age
27:15 Padded Archer Armor
27:39 Ballistics
27:28 Scale Barding Armor
27:33 Forging
28:48 Fletching
29:42 Leather Archer Armor
31:07 Leather Archer Armor
30:48 Bodkin Arrow
37:42 Conscription
37:17 Elite Conquistador
42:01 Elite Skirmisher
42:45 Bracer
43:06 Chain Barding Armor
43:17 Ring Archer Armor
44:33 Pikeman
51:20 Caravan
54:15 Scale Mail Armor
67:02 Squires
M.S.
2:50 Loom
12:33 Feudal Age
17:15 Castle Age
15:51 Double-Bit Axe
16:24 Horse Collar
18:25 Wheelbarrow
20:39 Heavy Plow
21:05 Bow Saw
23:27 Fervor
32:13 Imperial Age
30:44 Hand Cart
30:35 Scale Mail Armor
31:54 Chemistry
31:18 Ballistics
31:41 Fortified Wall
31:34 Caravan
32:06 Coinage
31:55 Forging
31:46 Scale Mail Armor
31:16 Pikeman
31:57 Squires
31:42 Arson
33:08 Wagenburg Tactics
33:56 Murder Holes
33:58 Town Watch
34:49 Iron Casting
34:29 Chain Mail Armor
35:15 Town Patrol
36:28 Two-Man Saw
35:02 Elite Skirmisher
35:38 Fletching
35:48 Padded Archer Armor
36:46 Bodkin Arrow
37:52 Blast Furnace
37:08 Chain Mail Armor
38:07 Guilds
38:27 Banking
38:30 Bracer
38:45 Leather Archer Armor
38:36 Scale Barding Armor
39:04 Banking
39:00 Siege Engineers
39:29 Halberdier
39:55 Arson
43:45 Ring Archer Armor
43:46 Plate Mail Armor
43:37 Chain Barding Armor
44:22 Elite Hussite Wagon
45:25 Conscription
44:36 Sappers
45:48 Houfnice
51:35 Onager
51:54 Crossbowman
55:59 Arbalester
60:34 Capped Ram
71:12 Husbandry
70:33 Cavalier
70:33 Light Cavalry
78:41 Bombard Tower
78:07 Arrowslits
78:12 Guard Tower
78:34 Masonry
78:04 Treadmill Crane
78:49 Sanctity
KRATOS | GOD OF WAR
4:18 Loom
11:15 Feudal Age
15:51 Castle Age
14:03 Double-Bit Axe
15:36 Horse Collar
15:49 Gold Mining
18:14 Heavy Plow
20:13 Bow Saw
21:49 Loom
22:41 Wheelbarrow
21:56 Loom
23:18 Stone Mining
29:37 Imperial Age
28:02 Stone Shaft Mining
29:05 Pikeman
30:04 Hand Cart
29:38 Heavy Scorpion
29:56 Halberdier
41:39 Elite Skirmisher
43:40 Cavalier
45:17 Fletching
45:27 Padded Archer Armor
46:19 Bodkin Arrow
46:25 Scale Mail Armor
49:22 Scale Barding Armor
49:29 Forging
51:20 Leather Archer Armor
54:26 Two-Man Saw
65:04 Chain Barding Armor
81:31 Ring Archer Armor
lagro
11:09 Feudal Age
12:03 Loom
12:23 Double-Bit Axe
15:01 Castle Age
13:15 Horse Collar
16:19 Bow Saw
18:42 Padded Archer Armor
20:57 Husbandry
25:07 Bloodlines
26:10 Town Watch
26:50 Leather Archer Armor
32:21 Imperial Age
30:27 Wheelbarrow
33:07 Gold Mining
33:08 Stone Mining
34:19 Two-Man Saw
33:21 Heavy Plow
32:42 Capped Ram
34:42 Ring Archer Armor
33:33 Elite Conquistador
37:00 Siege Ram
38:51 Chemistry
38:01 Masonry
37:17 Light Cavalry
39:13 Conscription
39:00 Scale Barding Armor
44:12 Chain Barding Armor
43:16 Hussar
45:34 Plate Barding Armor
50:49 Herbal Medicine
51:55 Forging
56:34 Iron Casting
56:46 Hand Cart
57:20 Fortified Wall
57:41 Architecture
57:32 Ballistics
baumlangmithaaren
11:40 Feudal Age
12:18 Double-Bit Axe
18:51 Castle Age
17:02 Gold Mining
17:05 Loom
22:01 Bow Saw
22:49 Wheelbarrow
23:37 Forging
23:34 Scale Barding Armor
28:55 Gold Shaft Mining
31:41 Hand Cart
33:26 #83
37:23 Imperial Age
37:18 Iron Casting
37:04 Chain Barding Armor
36:35 Fletching
36:47 Padded Archer Armor
37:37 Town Watch
39:41 Cavalier
42:25 Blast Furnace
41:21 Bodkin Arrow
41:42 Leather Archer Armor
42:03 Plate Barding Armor
40:53 Elite Throwing Axeman
41:36 Chivalry
42:00 Conscription
42:20 Hoardings
41:21 Paladin
44:54 Capped Ram
48:51 Light Cavalry
66:43 Elite Skirmisher
68:51 Chemistry
72:16 Caravan
81:02 Ballistics
xmon
10:58 Feudal Age
15:13 Castle Age
13:10 Horse Collar
13:39 Double-Bit Axe
20:04 Loom
20:56 Wheelbarrow
20:07 Town Watch
20:53 Heavy Plow
23:47 Bow Saw
27:38 Imperial Age
26:28 Padded Archer Armor
27:19 Hand Cart
27:36 Scale Barding Armor
29:20 Chemistry
29:03 Bloodlines
30:01 Leather Archer Armor
29:23 Siege Elephant
29:46 Light Cavalry
31:03 Chain Barding Armor
33:11 Hussar
34:44 Plate Barding Armor
34:20 Forging
36:47 Ring Archer Armor
36:53 Iron Casting
47:21 Blast Furnace
52:36 Gold Mining
56:06 Siege Engineers
57:54 Grand Trunk Road
58:21 Conscription
61:21 Shatagni
67:23 Husbandry
67:32 Husbandry
69:08 Masonry
Connection lost

Rejoining the realm…

Still unreachable

The connection could not be restored.

Session expired

The server has moved on; the page needs a fresh start.